 Dungeon Crawl Stone Soup version 0.29-a0-321-gf1c400731a (webtiles) character file.

Game seed: 12046258483927370385

21 Morbidden the Covered (level 2, -2/24 HPs)
             Began as a Demonspawn Fighter on Apr 3, 2022.
             Slain by a kobold
             ... wielding a +0 short sword
              (3 damage)
             ... on level 2 of the Dungeon.
             The game lasted 00:01:03 (1891 turns).

Morbidden the Covered (Demonspawn Fighter)          Turns: 1891, Time: 00:01:05

Health: -2/24      AC:  6    Str: 16    XL:     2   Next: 65%
Magic:  2/2        EV:  9    Int:  9    God:
Gold:   117        SH:  0    Dex: 12    Spells: 1/1 levels left

rFire   . . .      SeeInvis .   (no weapon)
rCold   . . .      Faith    .   (no shield)
rNeg    . . .      Spirit   .   b - +0 scale mail
rPois   .          Reflect  .   (no helmet)
rElec   .          Harm     .   (no cloak)
rCorr   +          Rampage  .   (no gloves)
Will    .....                   (no boots)
Stlth   ..........              (no amulet)
HPRegen 0.08/turn               e - ring of resist corrosion
MPRegen 0.08/turn               (no ring)

@: no status effects
A: claws 1
a: no special abilities


You were on level 2 of the Dungeon.
You visited 1 branch of the dungeon, and saw 2 of its levels.

You collected 117 gold pieces.

Inventory:

Missiles
 h - 2 javelins (quivered)
Armour
 b - a +0 scale mail (worn)
 c - a +0 buckler
Jewellery
 e - a ring of resist corrosion (left claw)
 k - a +6 ring of strength
Scrolls
 f - a scroll of teleportation {unknown}
 g - a scroll of fog {unknown}
Potions
 a - 4 potions of curing {unknown}
 d - 2 potions of might
 i - a potion of lignification {unknown}
 j - a potion of resistance {unknown}
 l - a potion of invisibility {unknown}


   Skills:
 * Level 3.1 Fighting
 + Level 2.0 Axes
 + Level 3.1 Armour
 + Level 2.8 Shields
 * Level 0.3 Unarmed Combat
 * Level 0.1 Spellcasting


You had one spell level left.
You didn't know any spells.
Your spell library was empty.

Dungeon Overview and Level Annotations

Branches:
Dungeon (2/15)

Altars:


Innate Abilities, Weirdness & Mutations

You have sharp fingernails.


Message History

The endoplasm hits you but does no damage.
The kobold hits you with a +0 short sword.
The dart slug launches a dart at you. The slug dart hits you.
You are too injured to fight recklessly!
You are too injured to fight recklessly!
You are too injured to fight recklessly!
You are too injured to fight recklessly!
The kobold attacks as you move away! The kobold barely misses you.
You closely miss the kobold. The kobold barely misses you.
You scratch the kobold.
The kobold is severely wounded.
The kobold hits you but does no damage.
You closely miss the kobold.
The kobold is severely wounded.
The kobold hits you but does no damage.
You scratch the kobold but do no damage.
The kobold is severely wounded.
The kobold misses you.
You closely miss the kobold.
The kobold is severely wounded.
The kobold barely misses you.
You barely miss the kobold.
The kobold is severely wounded.
The kobold barely misses you.
You scratch the kobold but do no damage.
The kobold is severely wounded.
The kobold hits you but does no damage.
You barely miss the kobold.
The kobold is severely wounded.
The kobold hits you with a +0 short sword.
* * * LOW HITPOINT WARNING * * *
You barely miss the kobold.
The kobold is severely wounded.
The kobold hits you with a +0 short sword.
* * * LOW HITPOINT WARNING * * *
You closely miss the kobold.
The kobold is severely wounded.
The kobold hits you with a +0 short sword.
You die...

. #.#### ......# ###
.......#########.##
.....!)wK@........##
.......J######.....#######
........# #............#
.......## ##.....#####.#
......# ##...## #.# #.####
##.## #.# # ### #.# #.#
#.#


You could see a dart slug, an endoplasm and a kobold.

Vanquished Creatures
  3 bats (D:1)
  2 endoplasms
  2 giant cockroaches
  4 goblins
  A hobgoblin (D:2)
  3 ball pythons
  2 frilled lizards (D:1)
  A kobold (D:1)
  4 rats
22 creatures vanquished.

Notes
Turn   | Place    | Note
-------+----------+-------------------------------------------
     0 | D:1      | Morbidden the Demonspawn Fighter began the quest for the
                  | Orb.
     0 | D:1      | Reached XP level 1. HP: 18/18 MP: 1/1
    67 | D:1      | Found a faded altar of an unknown god.
   492 | D:1      | Gained mutation: You have sharp fingernails. [demonic
                  | ancestry]
   492 | D:1      | Reached XP level 2. HP: 24/24 MP: 2/2
  1283 | D:2      | Identified the +8 spear "Gouphug" {spect, rPois rF++ Will-
                  | Int+5}
  1890 | D:2      | HP: 1/24 [kobold/+0 short sword (3)]
  1891 | D:2      | Slain by a kobold

Illustrated notes

Levels and vault maps discovered:
D:1:      shiori_arrival_elements, layout_loops_corners, basic_ecumenical_altar
D:2:      layout_loops_ring, uniq_natasha, uniq_sigmund

Skill      XL: |  1  2 |
---------------+-------+-----
Armour         | 3 |  3.1
Axes           | 2 |  2.0
Fighting       | |  3.1
Shields        | |  2.8
Unarmed Combat | |  0.3
Spellcasting   | |  0.1

Action                   || total
-------------------------++-------
Melee: War axe           ||    19
       Unarmed           ||    65
       Punch             ||     1
Armor: Scale mail        ||    39
Dodge: Dodged            ||    32
Block: Buckler           ||     5

Table legend: (Time is in decaauts)
 A = Elapsed time spent in this place.
 B = Non-inter-level travel time spent in this place.
 C = Inter-level travel time spent in this place.
 D = Time resting spent in this place.
 E = Time spent auto-exploring this place.
 F = Levels seen in this place.
 G = Mean time per level.
                   A        B        C        D        E       F      G
               +--------+--------+--------+--------+--------+-----+--------+
         Total |   1898 |   1839 |     59 |    253 |   1403 |   2 |  949.0 |
       Dungeon |   1898 |   1839 |     59 |    253 |   1403 |   2 |  949.0 |
               +--------+--------+--------+--------+--------+-----+--------+

Top non-repeatable levels by time:
     D:1: 1225 daAuts
     D:2: 673 daAuts
